Map: Données C

Players

Padre

  • Race: Protoss Protoss
  • Spawn Location: 3:00

ShaDoWn - Winner!

  • Race: Protoss Protoss
  • Spawn Location: 9:00

Event: DreamHack SC2 Masters 2022 Atlanta (Offline)

VOD

Have the link to the VOD?

Description

Time

  • Played on: Nov. 18, 2022, 10:07 a.m.
  • Length: 9:19

All games in this series

Show
View Real Time Build Order
Export as new Build Order

Padre Protoss 

Build Orders: Blink Stalkers 

Get SALT Encoding   

  12  0:00  Probe  
  13  0:12  Probe  
  14  0:17  Pylon  
  14  0:24  Probe (Chrono Boost)  
  15  0:36  Probe (Chrono Boost)  
  15  0:37  Gateway  
  16  0:44  Probe (Chrono Boost)  
  16  0:46  Assimilator  
  17  0:51  Probe  
  17  0:56  Assimilator  
  18  1:03  Probe (Chrono Boost)  
  19  1:10  Gateway  
  19  1:13  Probe (Chrono Boost)  
  19  1:18  Probe (Chrono Boost)  
  21  1:26  Cybernetics Core  
  21  1:30  Probe  
  22  1:42  Probe  
  22  1:46  Pylon  
  23  2:02  Adept (Chrono Boost)  
  23  2:04  Warp Gate, Probe  
  28  2:11  Stalker (Chrono Boost)  
  28  2:16  Probe  
  28  2:17  Pylon  
  29  2:31  Pylon  
  29  2:41  Nexus  
  29  2:46  Sentry  
  29  2:50  Sentry, Probe  
  34  3:01  Twilight Council  
  34  3:05  Probe  
  36  3:20  Probe  
  36  3:32  Probe, Blink (Chrono Boost)  
  37  3:44  Probe  
  34  3:48  Shield Battery  
  34  3:51  Shield Battery  
  34  3:53  Probe  
  35  3:56  Probe (Chrono Boost)  
  36  4:03  Stalker x2  
  36  4:09  Probe (Chrono Boost)  
  41  4:10  Probe (Chrono Boost)  
  42  4:17  Probe (Chrono Boost)  
  42  4:19  Probe (Chrono Boost)  
  42  4:23  Probe  
  43  4:29  Probe  
  43  4:30  Sentry  
  47  4:32  Nexus  
  47  4:36  Probe  
  48  4:39  Pylon  
  48  4:41  Probe, Pylon  
  49  4:48  Probe  
  50  4:54  Probe  
  51  5:00  Probe  
  51  5:04  Stalker  
  51  5:05  Shield Battery, Stalker  
  51  5:06  Probe  
  55  5:12  Probe (Chrono Boost)  
  56  5:16  Robotics Facility  
  56  5:17  Forge  
  57  5:22  Probe (Chrono Boost)  
  57  5:24  Probe (Chrono Boost)  
  58  5:30  Stalker x2  
  58  5:31  Probe (Chrono Boost)  
  58  5:33  Probe (Chrono Boost)  
  64  5:42  Probe (Chrono Boost)  
  66  5:44  Gateway, Probe (Chrono Boost)  
  66  5:45  Gateway  
  66  5:48  Probe (Chrono Boost)  
  66  5:49  Probe (Chrono Boost)  
  68  5:51  Protoss Ground Weapons Level 1, Probe (Chrono Boost)  
  68  5:53  Charge  
  68  5:55  Stalker  
  68  5:56  Probe  
  71  6:02  Stalker  
  71  6:06  Probe  
  71  6:07  Probe  
  64  6:18  Stalker  
  62  6:30  Immortal (Chrono Boost)  
  62  6:31  Stalker  
  60  6:34  Probe x3  
  67  6:41  Photon Cannon  
  67  6:43  Photon Cannon, Stalker x2  
  67  6:46  Probe x3  
  74  6:52  Stalker  
  72  6:57  Stalker  
  72  7:01  Probe x2  
  72  7:07  Zealot x2  
  72  7:08  Probe  
  79  7:10  Assimilator  
  79  7:11  Assimilator  
  79  7:13  Probe  
  79  7:14  Assimilator  
  80  7:15  Assimilator  
  80  7:16  Gateway  
  80  7:17  Pylon  
  80  7:18  Pylon  
  80  7:21  Zealot x2  
  82  7:25  Observer (Chrono Boost)  
  82  7:27  Zealot  
  85  7:32  Pylon  
  85  7:34  Pylon  
  85  7:35  Probe x2  
  87  7:37  Probe  
  87  7:41  Zealot x3  
  94  7:47  Probe x2  
  94  7:49  Probe  
  97  7:56  Zealot  
  98  7:59  Probe x2  
  98  8:01  Probe  
  97  8:07  Zealot x3  
  97  8:11  Probe x2  
  104  8:13  Probe  
  104  8:17  Zealot x2  
  98  8:26  Probe x3  
  90  8:33  Zealot x3  
  92  8:39  Nexus  
  86  8:42  Pylon  
  86  8:43  Zealot x2  
  84  8:50  Templar Archives  
  84  8:51  Gateway  
  84  8:52  Probe x3  
  84  8:53  Gateway  
  87  8:57  Sentry x2  
  91  9:04  Zealot x2, Probe x2  
  91  9:05  Zealot  
Show
View Real Time Build Order
Export as new Build Order

ShaDoWn Protoss - Winner!

Build Orders: Phoenix Opening, Blink Stalkers 

Get SALT Encoding   

  12  0:00  Probe  
  13  0:12  Probe  
  14  0:16  Pylon  
  14  0:24  Probe  
  15  0:35  Gateway  
  15  0:38  Probe (Chrono Boost)  
  16  0:47  Probe (Chrono Boost), Assimilator  
  17  0:52  Probe  
  18  0:59  Assimilator  
  18  1:04  Probe (Chrono Boost)  
  18  1:10  Gateway  
  19  1:15  Probe (Chrono Boost)  
  20  1:20  Probe (Chrono Boost)  
  21  1:27  Cybernetics Core  
  21  1:31  Probe  
  22  1:37  Pylon  
  22  1:43  Probe  
  23  1:55  Probe  
  24  2:03  Stalker x2  
  24  2:04  Warp Gate  
  24  2:08  Probe  
  29  2:20  Probe, Pylon  
  30  2:43  Nexus  
  30  2:45  Probe  
  30  2:49  Sentry  
  35  2:51  Sentry  
  35  2:57  Probe  
  36  3:07  Pylon  
  36  3:09  Probe  
  37  3:16  Twilight Council  
  37  3:25  Probe (Chrono Boost)  
  38  3:33  Phoenix  
  36  3:38  Probe (Chrono Boost)  
  37  3:44  Probe (Chrono Boost)  
  37  3:47  Blink (Chrono Boost)  
  38  3:52  Probe  
  38  3:53  Gateway  
  39  3:56  Probe  
  39  3:57  Stalker  
  39  4:01  Stalker  
  44  4:04  Probe  
  44  4:08  Probe  
  46  4:16  Probe  
  47  4:20  Probe  
  47  4:23  Stalker  
  50  4:24  Stalker  
  50  4:28  Probe  
  53  4:32  Probe  
  54  4:38  Robotics Facility  
  54  4:40  Probe  
  55  4:47  Stalker  
  55  4:48  Stalker, Pylon  
  59  4:53  Probe  
  59  4:56  Probe  
  61  5:04  Nexus  
  61  5:10  Pylon  
  61  5:14  Stalker x2  
  65  5:15  Stalker  
  67  5:21  Probe  
  67  5:22  Assimilator  
  67  5:28  Probe  
  69  5:34  Probe  
  70  5:38  Stalker x3  
  70  5:40  Probe  
  70  5:42  Pylon  
  77  5:46  Probe  
  78  5:54  Forge  
  78  6:00  Observer (Chrono Boost), Probe x2  
  79  6:12  Probe x2  
  79  6:15  Probe  
  78  6:23  Stalker x3  
  78  6:25  Probe x2 (Chrono Boost)  
  78  6:27  Probe (Chrono Boost)  
  78  6:28  Protoss Ground Weapons Level 1 (Chrono Boost)  
  78  6:30  Charge  
  75  6:33  Observer  
  75  6:37  Probe x2 (Chrono Boost)  
  75  6:39  Probe (Chrono Boost)  
  79  6:42  Gateway  
  79  6:43  Probe x2 (Chrono Boost)  
  79  6:44  Gateway, Probe (Chrono Boost)  
  82  6:51  Probe x2  
  84  6:54  Probe  
  84  6:58  Stalker x2  
  84  7:00  Assimilator  
  85  7:02  Gateway, Stalker  
  85  7:07  Observer  
  87  7:10  Warp Prism (Chrono Boost), Gateway  
  87  7:11  Gateway  
  87  7:13  Gateway  
  89  7:21  Stalker x2  
  93  7:25  Pylon  
  93  7:29  Stalker  
  95  7:33  Nexus  
  95  7:40  Zealot x2  
  99  7:44  Pylon  
  99  7:47  Zealot x2  
  103  7:52  Probe  
  103  7:53  Probe  
  105  8:06  Probe  
  105  8:11  Zealot x4  
  105  8:12  Zealot  
  116  8:14  Probe  
  116  8:17  Probe, Pylon  
  116  8:19  Probe, Pylon  
  111  8:21  Pylon  
  111  8:23  Pylon  
  111  8:26  Probe  
  102  8:29  Zealot x4, Probe  
  102  8:31  Probe  
  110  8:35  Zealot x5  
  110  8:40  Probe  
  111  8:50  Zealot x4  
  111  8:55  Zealot x5  
  129  9:15  Zealot x4  
  129  9:16  Zealot x5  
Tags
 
Add a new tag
Caveats
  • Supply blocks, unpowered buildings, or Contaminate may cause inaccurate times.
  • Supply counts are checked every 10 seconds.